General information
- name: BNet
- type: Ladder team game (AT/RT)
- host: Battle.net
- saver: directtv-vsdish
map: FullScaleAssault
- players: 8
- length: 34:04
- speed: Fast
- version: 1.28 W3XP
- replay type: Public
» download(237 KB)
Players
team 1 (loser)
hydro.tw.ino (
red | 94 APM | 2221 actions | 23:38)
6 Blademaster
3 Wind Walk
2 Critical Strike
1 Bladestorm
» actions
| Assign group hotkey | 69 | |
| Build / train | 71 | |
| Enter build submenu | 26 | |
| Enter hero's abilities submenu | 6 | |
| Give item / drop item | 4 | |
| Remove unit from queue | 1 | |
| Right click | 1134 | |
| Select / deselect | 484 | |
| Select group hotkey | 206 | |
| Use ability | 220 | |
2221 total
» units
| Peon | 14 | |
| Raider | 8 | |
| Troll Batrider | 3 | |
25 total
» upgrades
| Melee Weapons | 3 | |
| Pillage | 1 | |
| Ensnare | 1 | |
| Armor | 2 | |
| Liquid Fire | 1 | |
| Reinforced Defenses | 1 | |
| Ranged Weapons | 1 | |
10 total
» buildings
| Altar of Storms | 1 | |
| Orc Burrow | 14 | |
| Voodoo Lounge | 2 | |
| Stronghold | 2 | |
| War Mill | 2 | |
| Beastiary | 3 | |
| Fortress | 1 | |
| Great Hall | 3 | |
28 total
» build order
00:09 Altar of Storms
00:21 Orc Burrow
00:54 Voodoo Lounge
02:10 Stronghold
02:10 Stronghold
02:13 War Mill
02:29 Orc Burrow
04:38 Beastiary
04:39 Beastiary
04:40 Beastiary
06:43 Fortress
07:03 Orc Burrow
07:50 Voodoo Lounge
09:12 Great Hall
10:44 Orc Burrow
15:28 Orc Burrow
15:29 Orc Burrow
16:35 Orc Burrow
16:36 Orc Burrow
17:35 Orc Burrow
17:36 Orc Burrow
17:39 Great Hall
18:35 War Mill
18:38 Orc Burrow
21:07 Orc Burrow
21:10 Orc Burrow
21:12 Orc Burrow
21:37 Great Hall
» items
| Healing Salve | 6 | |
| Lesser Clarity Potion | 6 | |
| Boots of Speed | 1 | |
| Circlet of Nobility | 1 | |
| Staff of Teleportation | 1 | |
| Potion of Healing | 1 | |
| Potion of Mana | 1 | |
| Orb of Lightning | 1 | |
18 total
Mifamilia (
purple | 107 APM | 2539 actions | 23:42)
5 Demon Hunter
2 Evasion
3 Mana Burn
4 Naga Sea Witch
2 Frost Arrows
2 Forked Lightning
2 Goblin Tinker
1 Pocket Factory
1 Engineering Upgrade
» actions
| Assign group hotkey | 21 | |
| Basic commands | 603 | |
| Build / train | 85 | |
| Enter build submenu | 25 | |
| Enter hero's abilities submenu | 11 | |
| Give item / drop item | 3 | |
| Right click | 1021 | |
| Select / deselect | 399 | |
| Select group hotkey | 239 | |
| Use ability | 132 | |
2539 total
» units
| Wisp | 32 | |
| Archer | 2 | |
| Dryad | 5 | |
| Druid of the Claw | 2 | |
| Hippogryph | 1 | |
42 total
» upgrades
| Ultravision | 1 | |
| Strength of the Wild | 3 | |
| Reinforced Hides | 3 | |
| Druid of the Claw Training | 2 | |
| Nature's Blessing | 1 | |
| Abolish Magic | 1 | |
| Mark of the Claw | 1 | |
12 total
» buildings
| Altar of Elders | 1 | |
| Moon Well | 8 | |
| Ancient of War | 2 | |
| Tree of Ages | 1 | |
| Hunter's Hall | 1 | |
| Ancient of Wonders | 2 | |
| Tree of Eternity | 1 | |
| Ancient of Lore | 2 | |
| Tree of Life | 2 | |
| Ancient of Wind | 2 | |
| Ancient Protector | 5 | |
27 total
» build order
00:07 Altar of Elders
00:21 Moon Well
00:36 Ancient of War
01:31 Moon Well
02:08 Ancient of War
03:22 Tree of Ages
03:45 Moon Well
03:48 Moon Well
03:53 Hunter's Hall
05:15 Ancient of Wonders
05:16 Moon Well
06:59 Tree of Eternity
07:01 Ancient of Lore
07:03 Ancient of Lore
07:09 Tree of Life
11:51 Moon Well
11:52 Moon Well
13:36 Ancient of Wind
14:50 Moon Well
16:56 Ancient of Wonders
17:50 Tree of Life
19:44 Ancient Protector
19:46 Ancient Protector
19:49 Ancient Protector
21:48 Ancient of Wind
22:45 Ancient Protector
22:48 Ancient Protector
» items
| Circlet of Nobility | 1 | |
| Healing Salve | 2 | |
| Scroll of Town Portal | 1 | |
| Orb of Lightning | 2 | |
| Scroll of Speed | 1 | |
7 total
directtv-vsdish (
teal | 53 APM | 1816 actions | 34:04)
4 Far Seer
2 Feral Spirit
2 Chain Lighting
» actions
| Assign group hotkey | 28 | |
| Basic commands | 260 | |
| Build / train | 61 | |
| Enter build submenu | 26 | |
| Enter hero's abilities submenu | 4 | |
| Give item / drop item | 9 | |
| Remove unit from queue | 1 | |
| Right click | 613 | |
| Select / deselect | 272 | |
| Select group hotkey | 452 | |
| Use ability | 90 | |
1816 total
» units
| Peon | 15 | |
| Grunt | 4 | |
| Goblin Shredder | 4 | |
| Wind Rider | 10 | |
| Goblin Zeppelin | 1 | |
| Goblin Sapper | 3 | |
| Raider | 1 | |
| Demolisher | 2 | |
40 total
» upgrades
| Ranged Weapons | 2 | |
| Armor | 2 | |
| Reinforced Defenses | 1 | |
5 total
» buildings
| Altar of Storms | 1 | |
| Orc Burrow | 6 | |
| Barracks | 4 | |
| Stronghold | 1 | |
| Great Hall | 1 | |
| Voodoo Lounge | 1 | |
| War Mill | 1 | |
| Fortress | 1 | |
| Beastiary | 4 | |
| Watch Tower | 23 | |
43 total
» build order
00:07 Altar of Storms
00:23 Orc Burrow
00:37 Barracks
01:24 Orc Burrow
03:19 Stronghold
03:49 Great Hall
04:38 Voodoo Lounge
05:32 War Mill
05:48 Orc Burrow
06:16 Fortress
06:40 Beastiary
06:43 Beastiary
08:14 Beastiary
08:25 Orc Burrow
09:32 Watch Tower
09:32 Watch Tower
09:33 Watch Tower
09:34 Watch Tower
09:35 Watch Tower
11:06 Watch Tower
11:06 Watch Tower
11:07 Watch Tower
11:09 Watch Tower
11:14 Watch Tower
11:18 Watch Tower
11:18 Watch Tower
12:02 Watch Tower
12:02 Watch Tower
12:03 Watch Tower
12:04 Watch Tower
12:42 Watch Tower
12:42 Watch Tower
12:43 Watch Tower
12:44 Watch Tower
12:53 Beastiary
14:26 Orc Burrow
14:45 Orc Burrow
15:16 Watch Tower
15:17 Watch Tower
15:17 Watch Tower
27:17 Barracks
27:18 Barracks
27:58 Barracks
» items
| Healing Salve | 2 | |
| Staff of Teleportation | 1 | |
| Orb of Lightning | 1 | |
| Tiny Great Hall | 1 | |
| Scroll of Town Portal | 3 | |
8 total
Apocalypse(SoD) (
orange | 26 APM | 879 actions | 33:42)
3 Archmage
2 Summon Water Elemental
1 Brilliance Aura
» actions
| Assign group hotkey | 15 | |
| Basic commands | 108 | |
| Build / train | 63 | |
| ESC pressed | 1 | |
| Enter build submenu | 25 | |
| Enter hero's abilities submenu | 3 | |
| Remove unit from queue | 6 | |
| Right click | 176 | |
| Select / deselect | 331 | |
| Select group hotkey | 80 | |
| Use ability | 71 | |
879 total
» units
| Peasant | 15 | |
| Footman | 7 | |
| Mortar Team | 1 | |
| Priest | 3 | |
| Gryphon Rider | 3 | |
| Knight | 2 | |
31 total
» upgrades
| Masonry | 2 | |
| Plating | 2 | |
| Lumber Harvesting | 1 | |
| Flare | 1 | |
| Barrage | 1 | |
| Storm Hammers | 1 | |
| Animal War Training | 1 | |
9 total
» buildings
| Altar of Kings | 1 | |
| Farm | 6 | |
| Barracks | 1 | |
| Town Hall | 4 | |
| Scout Tower | 25 | |
| Lumber Mill | 2 | |
| Guard Tower | 12 | |
| Keep | 1 | |
| Blacksmith | 1 | |
| Arcane Vault | 1 | |
| Castle | 1 | |
| Workshop | 2 | |
| Gryphon Aviary | 1 | |
| Arcane Sanctum | 1 | |
59 total
» build order
00:11 Altar of Kings
00:17 Farm
00:19 Farm
00:35 Barracks
02:15 Farm
04:23 Town Hall
04:32 Scout Tower
04:33 Scout Tower
04:35 Scout Tower
04:37 Scout Tower
04:40 Scout Tower
04:41 Scout Tower
04:42 Scout Tower
04:44 Scout Tower
04:46 Scout Tower
04:50 Scout Tower
04:55 Scout Tower
05:14 Lumber Mill
05:33 Guard Tower
05:46 Guard Tower
05:52 Guard Tower
06:00 Guard Tower
06:07 Guard Tower
06:14 Guard Tower
06:25 Farm
06:29 Guard Tower
06:41 Guard Tower
07:27 Keep
07:33 Blacksmith
07:37 Arcane Vault
07:45 Farm
10:40 Castle
10:44 Workshop
10:45 Workshop
10:51 Gryphon Aviary
10:55 Arcane Sanctum
12:36 Farm
21:35 Town Hall
21:41 Scout Tower
21:42 Scout Tower
21:44 Scout Tower
21:45 Scout Tower
21:47 Scout Tower
21:48 Scout Tower
22:27 Guard Tower
22:34 Guard Tower
23:01 Guard Tower
24:10 Scout Tower
24:14 Scout Tower
24:16 Scout Tower
24:18 Scout Tower
24:20 Scout Tower
24:23 Scout Tower
24:25 Scout Tower
24:26 Scout Tower
24:56 Guard Tower
26:01 Lumber Mill
26:19 Town Hall
26:30 Town Hall
team 2 (winner)

»
dddfr (
yellow | 64 APM | 719 actions | 11:15)
3 Firelord
2 Summon Lava Spawn
1 Soul Burn
» actions
| Assign group hotkey | 34 | |
| Basic commands | 16 | |
| Build / train | 43 | |
| Enter build submenu | 15 | |
| Enter hero's abilities submenu | 3 | |
| Give item / drop item | 1 | |
| Remove unit from queue | 3 | |
| Right click | 290 | |
| Select / deselect | 190 | |
| Select group hotkey | 94 | |
| Use ability | 29 | |
719 total
» units
» upgrades
| Improved Bows | 1 | |
| Hippogryph Taming | 1 | |
2 total
» buildings
| Moon Well | 4 | |
| Ancient of War | 2 | |
| Altar of Elders | 2 | |
| Tree of Ages | 1 | |
| Tree of Life | 2 | |
| Hunter's Hall | 1 | |
| Ancient of Wonders | 1 | |
| Ancient of Wind | 2 | |
| Tree of Eternity | 1 | |
16 total
» build order
00:03 Moon Well
00:04 Moon Well
01:22 Ancient of War
01:25 Altar of Elders
01:48 Ancient of War
02:16 Moon Well
03:46 Tree of Ages
04:41 Tree of Life
04:56 Hunter's Hall
05:24 Moon Well
05:42 Ancient of Wonders
06:30 Ancient of Wind
06:32 Ancient of Wind
07:36 Tree of Eternity
09:34 Tree of Life
11:07 Altar of Elders
» items
| Boots of Speed | 1 | |
| Scroll of Town Portal | 1 | |
2 total
LilHooligan (
blue | 88 APM | 3008 actions | 34:04)
8 Archmage
3 Summon Water Elemental
3 Brilliance Aura
1 Mass Teleport
1 Blizzard
» actions
| Assign group hotkey | 52 | |
| Basic commands | 68 | |
| Build / train | 92 | |
| Enter build submenu | 76 | |
| Enter hero's abilities submenu | 8 | |
| Give item / drop item | 6 | |
| Remove unit from queue | 1 | |
| Right click | 1147 | |
| Select / deselect | 400 | |
| Select group hotkey | 981 | |
| Use ability | 177 | |
3008 total
» units
| Peasant | 13 | |
| Footman | 4 | |
| Goblin Shredder | 1 | |
| Gryphon Rider | 6 | |
| Goblin Zeppelin | 1 | |
| Goblin Sapper | 3 | |
| Dragonhawk Rider | 3 | |
| Blue Dragon | 1 | |
32 total
» upgrades
| Masonry | 3 | |
| Storm Hammers | 1 | |
| Swords | 3 | |
| Armor | 3 | |
| Animal War Training | 1 | |
| Cloud | 1 | |
| Magic Sentry | 1 | |
13 total
» buildings
| Altar of Kings | 1 | |
| Barracks | 1 | |
| Farm | 16 | |
| Scout Tower | 46 | |
| Arcane Tower | 2 | |
| Lumber Mill | 1 | |
| Keep | 1 | |
| Town Hall | 1 | |
| Guard Tower | 14 | |
| Castle | 1 | |
| Gryphon Aviary | 4 | |
| Arcane Vault | 2 | |
| Blacksmith | 2 | |
| Arcane Sanctum | 1 | |
93 total
» build order
00:38 Altar of Kings
00:39 Barracks
00:51 Farm
00:55 Farm
00:56 Farm
01:06 Farm
01:07 Farm
01:40 Scout Tower
02:03 Farm
02:16 Arcane Tower
03:32 Lumber Mill
03:38 Keep
04:19 Town Hall
04:23 Scout Tower
04:23 Scout Tower
04:23 Scout Tower
04:51 Guard Tower
04:51 Guard Tower
04:53 Guard Tower
04:54 Guard Tower
05:16 Scout Tower
06:17 Castle
06:21 Arcane Tower
06:52 Farm
07:11 Scout Tower
07:12 Scout Tower
07:12 Scout Tower
07:12 Scout Tower
07:13 Scout Tower
07:13 Scout Tower
07:14 Scout Tower
08:15 Guard Tower
08:16 Guard Tower
08:20 Scout Tower
08:21 Scout Tower
08:21 Scout Tower
08:35 Scout Tower
08:35 Scout Tower
08:36 Scout Tower
08:36 Scout Tower
08:37 Scout Tower
08:54 Gryphon Aviary
08:54 Gryphon Aviary
08:56 Gryphon Aviary
09:18 Gryphon Aviary
09:50 Arcane Vault
09:52 Blacksmith
09:54 Blacksmith
09:58 Farm
10:18 Guard Tower
13:05 Scout Tower
13:05 Scout Tower
13:06 Scout Tower
13:06 Scout Tower
13:06 Scout Tower
13:07 Scout Tower
15:19 Guard Tower
15:23 Scout Tower
15:23 Scout Tower
15:23 Scout Tower
15:52 Scout Tower
16:38 Guard Tower
17:39 Arcane Sanctum
18:56 Scout Tower
18:56 Scout Tower
18:57 Scout Tower
18:58 Scout Tower
18:59 Scout Tower
19:16 Arcane Vault
19:55 Guard Tower
21:41 Scout Tower
21:41 Scout Tower
21:41 Scout Tower
21:42 Scout Tower
21:42 Scout Tower
21:42 Scout Tower
21:50 Scout Tower
21:51 Scout Tower
21:51 Scout Tower
21:51 Scout Tower
21:58 Scout Tower
22:23 Guard Tower
23:08 Guard Tower
25:21 Guard Tower
25:57 Farm
25:57 Farm
25:59 Farm
25:59 Farm
26:02 Farm
26:07 Farm
26:09 Farm
26:11 Farm
» items
| Potion of Healing | 2 | |
| Scroll of Regeneration | 2 | |
| Scroll of Town Portal | 3 | |
| Lesser Clarity Potion | 1 | |
| Staff of Teleportation | 1 | |
| Potion of Lesser Invulnerability | 2 | |
| Periapt of Vitality | 1 | |
| Potion of Invisibility | 1 | |
| Mechanical Critter | 3 | |
| Staff of Sanctuary | 1 | |
17 total
rape (
green | 82 APM | 2790 actions | 34:04)
6 Archmage
1 Summon Water Elemental
2 Brilliance Aura
3 Blizzard
5 Blood Mage
3 Flame Strike
2 Banish
» actions
| Assign group hotkey | 88 | |
| Basic commands | 61 | |
| Build / train | 246 | |
| ESC pressed | 2 | |
| Enter build submenu | 62 | |
| Enter hero's abilities submenu | 12 | |
| Give item / drop item | 6 | |
| Right click | 1004 | |
| Select / deselect | 553 | |
| Select group hotkey | 596 | |
| Use ability | 159 | |
2790 total
» units
| Peasant | 18 | |
| Footman | 6 | |
| Rifleman | 12 | |
| Goblin Zeppelin | 22 | |
| Goblin Shredder | 5 | |
| Sorceress | 3 | |
66 total
» upgrades
| Masonry | 3 | |
| Gunpowder | 3 | |
| Armor | 3 | |
| Long Rifles | 1 | |
| Lumber Harvesting | 2 | |
| Sorceress Training | 2 | |
| Plating | 3 | |
| Swords | 3 | |
| Priest Training | 2 | |
| Magic Sentry | 1 | |
| Animal War Training | 1 | |
24 total
» buildings
| Altar of Kings | 1 | |
| Farm | 11 | |
| Barracks | 2 | |
| Lumber Mill | 1 | |
| Arcane Vault | 1 | |
| Blacksmith | 1 | |
| Town Hall | 3 | |
| Scout Tower | 35 | |
| Arcane Tower | 9 | |
| Keep | 6 | |
| Guard Tower | 70 | |
| Castle | 5 | |
| Arcane Sanctum | 2 | |
147 total
» build order
00:21 Altar of Kings
00:33 Farm
01:27 Barracks
01:29 Farm
01:36 Farm
01:43 Lumber Mill
01:51 Arcane Vault
02:05 Farm
02:22 Blacksmith
04:02 Town Hall
04:05 Scout Tower
04:32 Arcane Tower
04:32 Arcane Tower
04:50 Scout Tower
05:08 Keep
05:08 Keep
05:08 Keep
05:19 Guard Tower
05:19 Guard Tower
05:50 Scout Tower
05:52 Scout Tower
05:55 Scout Tower
06:20 Arcane Tower
06:20 Arcane Tower
06:21 Arcane Tower
06:40 Guard Tower
06:40 Guard Tower
06:40 Guard Tower
09:46 Farm
11:32 Scout Tower
11:33 Scout Tower
11:34 Scout Tower
12:46 Guard Tower
12:46 Guard Tower
12:47 Guard Tower
13:04 Guard Tower
13:04 Guard Tower
13:04 Guard Tower
13:18 Castle
13:19 Castle
13:48 Arcane Sanctum
13:49 Arcane Sanctum
13:52 Barracks
14:08 Scout Tower
14:09 Scout Tower
14:11 Scout Tower
14:43 Guard Tower
14:43 Guard Tower
14:44 Guard Tower
14:45 Guard Tower
14:45 Guard Tower
14:47 Guard Tower
14:47 Guard Tower
14:48 Guard Tower
15:28 Scout Tower
15:28 Scout Tower
15:29 Scout Tower
15:30 Scout Tower
15:31 Scout Tower
15:36 Scout Tower
16:06 Guard Tower
16:07 Guard Tower
16:07 Guard Tower
16:27 Farm
16:28 Farm
16:30 Farm
16:46 Guard Tower
16:46 Guard Tower
16:46 Guard Tower
16:51 Farm
20:54 Town Hall
20:57 Scout Tower
20:57 Scout Tower
20:58 Scout Tower
20:59 Scout Tower
21:00 Scout Tower
21:01 Scout Tower
21:02 Scout Tower
21:03 Scout Tower
21:04 Scout Tower
21:04 Scout Tower
21:27 Guard Tower
21:27 Guard Tower
21:27 Guard Tower
21:29 Guard Tower
21:29 Guard Tower
21:30 Guard Tower
21:52 Guard Tower
21:53 Guard Tower
21:53 Guard Tower
21:54 Guard Tower
22:00 Guard Tower
22:00 Guard Tower
22:00 Guard Tower
22:01 Guard Tower
22:21 Guard Tower
22:21 Guard Tower
22:22 Guard Tower
22:26 Guard Tower
22:27 Guard Tower
22:45 Scout Tower
22:48 Scout Tower
22:51 Scout Tower
22:53 Scout Tower
22:54 Scout Tower
23:29 Guard Tower
23:29 Guard Tower
25:31 Keep
25:31 Keep
29:53 Town Hall
30:34 Scout Tower
30:34 Scout Tower
30:35 Scout Tower
31:21 Farm
31:22 Farm
31:46 Castle
31:49 Arcane Tower
31:49 Guard Tower
31:50 Guard Tower
» items
| Scroll of Regeneration | 2 | |
| Periapt of Vitality | 2 | |
| Tome of Retraining | 5 | |
| Staff of Teleportation | 1 | |
| Potion of Lesser Invulnerability | 1 | |
| Scroll of Town Portal | 1 | |
| Staff of Sanctuary | 1 | |
13 total
zerzeros (
pink | 58 APM | 890 actions | 15:28)
3 Lich
2 Frost Nova
1 Dark Ritual
» actions
| Assign group hotkey | 37 | |
| Basic commands | 68 | |
| Build / train | 38 | |
| ESC pressed | 3 | |
| Enter build submenu | 15 | |
| Enter hero's abilities submenu | 3 | |
| Remove unit from queue | 1 | |
| Right click | 403 | |
| Select / deselect | 152 | |
| Select group hotkey | 128 | |
| Use ability | 42 | |
890 total
» units
| Acolyte | 6 | |
| Ghoul | 11 | |
| Frost Wyrm | 5 | |
22 total
» upgrades
| Creature Attack | 1 | |
| Unholy Strength | 1 | |
| Cannibalize | 1 | |
| Ghoul Frenzy | 1 | |
4 total
» buildings
| Altar of Darkness | 1 | |
| Ziggurat | 4 | |
| Crypt | 2 | |
| Halls of the Dead | 1 | |
| Graveyard | 2 | |
| Black Citadel | 1 | |
| Sacrificial Pit | 1 | |
| Spirit Tower | 3 | |
| Boneyard | 2 | |
17 total
» build order
00:12 Altar of Darkness
00:15 Ziggurat
00:41 Crypt
01:07 Crypt
01:47 Ziggurat
03:42 Halls of the Dead
04:58 Graveyard
05:22 Ziggurat
06:11 Black Citadel
07:39 Graveyard
07:42 Sacrificial Pit
08:29 Spirit Tower
08:31 Spirit Tower
08:33 Spirit Tower
09:18 Boneyard
09:21 Boneyard
14:49 Ziggurat
» items
| Staff of Teleportation | 1 | |
| Boots of Speed | 1 | |
2 total
Chat log
(00:09 / All) dddfr: Gay map
(00:49 / Allies) directtv-vsdish: gonna expo
(01:11 / Allies) Apocalypse(SoD): where?
(01:16 / Allies) Apocalypse(SoD): at my expo?
(01:25 / Allies) Apocalypse(SoD): o_O
(01:30 / Allies) directtv-vsdish: calle dit already
(01:36 / Allies) Apocalypse(SoD): you don't get to call
(01:38 / Allies) Apocalypse(SoD): my expo
(01:41 / Allies) directtv-vsdish: naw
(01:43 / Allies) Apocalypse(SoD): it's directly infront of me
(01:44 / Allies) directtv-vsdish: get top right out
(01:45 / Allies) directtv-vsdish: nigger
(01:52 / Allies) Apocalypse(SoD): fine tk
(01:55 / Allies) directtv-vsdish: take that
(01:57 / Allies) directtv-vsdish: red never expos
(01:59 / Allies) directtv-vsdish: he raider hasses
(02:08 / Allies) directtv-vsdish: quit being a baby
(02:39 / Allies) Apocalypse(SoD): if i build it first
(02:42 / Allies) Apocalypse(SoD): you can't bitch
(02:43 / Allies) directtv-vsdish: u arent getting it
(02:44 / Allies) directtv-vsdish: idiot
(03:01 / Allies) Apocalypse(SoD): why you calling me names
(03:06 / Allies) directtv-vsdish: cuz ur being a baby
(03:08 / Allies) Apocalypse(SoD): you're like a little liberal
(03:10 / Allies) directtv-vsdish: get the one by red
(03:19 / Allies) Apocalypse(SoD): i'll show you how a man expos
(04:47 / All) rape: grats on level 2
(04:58 / All) rape: retard
(06:27 / Allies) directtv-vsdish: wyverns bats
(07:04 / Allies) directtv-vsdish: lets tower chokes?
(07:56 / Allies) directtv-vsdish: omw oj
(08:01 / Allies) Apocalypse(SoD): nn
(08:04 / Allies) directtv-vsdish: u good?
(08:05 / Allies) Apocalypse(SoD): i have my tower army
(08:27 / Allies) Apocalypse(SoD): need to build towers in mid expos
(08:30 / Allies) Apocalypse(SoD): for aa
(08:37 / Allies) directtv-vsdish: will do it
(10:19 / Allies) Apocalypse(SoD): hes incomplete
(10:32 / Allies) Apocalypse(SoD): ignore top
(10:34 / Allies) Apocalypse(SoD): all go bottom
(11:22 / All) Apocalypse(SoD): LAWL?
(12:06 / All) LilHooligan: god
(13:19 / Allies) directtv-vsdish: '
(13:42 / Allies) Apocalypse(SoD): wood?
(14:27 / Allies) Apocalypse(SoD): red
(14:28 / Allies) Apocalypse(SoD): missing it
(15:39 / Allies) directtv-vsdish: this is for earlier oj. for being a nigger
(15:56 / Allies) Apocalypse(SoD): its already over kid
(16:00 / Allies) Apocalypse(SoD): you're just fuckin lame
(16:06 / Allies) directtv-vsdish: lawl
(16:56 / Allies) directtv-vsdish: oj tked me
(16:57 / Allies) directtv-vsdish: earlier
(16:59 / Allies) directtv-vsdish: so im killing him
(17:05 / Allies) Apocalypse(SoD): lmao
(17:07 / Allies) Apocalypse(SoD): you're fuckin stupid
(17:30 / Allies) Apocalypse(SoD): teals playin the nigger game
(18:27 / Allies) Apocalypse(SoD): id still top you with all your bs
(18:36 / Allies) Apocalypse(SoD): you did jack shit this game
(19:20 / Allies) Apocalypse(SoD): guess you're on my list
(19:26 / Allies) Apocalypse(SoD): tk first thing when i see u
(19:34 / Allies) Apocalypse(SoD): not no little bitch tk like u
(20:05 / Allies) Apocalypse(SoD): teal playing bs with green
(20:14 / Allies) Apocalypse(SoD): or blue
(20:18 / Allies) directtv-vsdish: oj stfu
(20:23 / Allies) Apocalypse(SoD): its true
(23:08 / Allies) Mifamilia: ?
(23:15 / Allies) Apocalypse(SoD): teal is playing bs
(23:17 / Allies) Apocalypse(SoD): with other team
(23:43 / Allies) Apocalypse(SoD): easy win kid
(23:45 / All) rape: wow
(23:45 / Allies) directtv-vsdish: out oj
(23:46 / All) rape: pussies
(23:48 / All) LilHooligan: damn
(23:50 / All) LilHooligan: just about to get level 6
(23:50 / Allies) Apocalypse(SoD): suck my dick
(23:55 / Allies) Apocalypse(SoD): i won a 36 hour game before
(23:57 / Allies) Apocalypse(SoD): i'll win another
(24:06 / All) LilHooligan: this was about to get a whole lot easier and they bitch out lol
(24:22 / All) directtv-vsdish: oj said hes afk yet hes building towers
(24:38 / All) rape: my wrist is sore as hell
(24:45 / All) rape: this position on the couch is uncomfortable as fuck lawl
(24:46 / All) rape: with my laptop
(24:48 / All) rape: hard to play
(24:56 / All) LilHooligan: yellow was total pussyl ol
(25:07 / All) LilHooligan: pink had like only ghouls and lich
(25:16 / All) LilHooligan: Not sure what he was doing
(25:37 / All) directtv-vsdish: ojs a baby
(25:48 / All) rape: brb a sec moving the couch
(26:35 / All) LilHooligan: they only killed 2 of my griffs lawl
(27:44 / All) directtv-vsdish: oj says he is afk yet is trying to build lots of towers
(28:13 / All) directtv-vsdish: leave noob oj
(28:14 / All) directtv-vsdish: lawl
(28:36 / All) directtv-vsdish: oj is our 36 hour man
(28:41 / All) directtv-vsdish: he even mentioned it
(28:47 / All) rape: lol
(29:04 / All) Apocalypse(SoD): you'll never get another game like that back
(29:06 / All) Apocalypse(SoD): I'll win again
(29:08 / All) Apocalypse(SoD): you fags
(29:09 / All) LilHooligan: leave noob
(29:11 / All) LilHooligan: we earned this win
(29:11 / All) directtv-vsdish: rofl
(29:21 / All) Apocalypse(SoD): no you didn't
(29:25 / All) directtv-vsdish: we know he would leave wc3 on for a week straight for a win
(29:26 / All) Apocalypse(SoD): teal was garbage all game
(29:26 / All) rape: way more comfortable and easier to play after moving the couch
(29:43 / All) directtv-vsdish: oj had some decent chat where he was raging
(29:49 / All) directtv-vsdish: was mad I got his expo
(29:57 / All) LilHooligan: you're a poor sport
(29:59 / All) LilHooligan: we earned this win
(30:02 / All) Apocalypse(SoD): i was joking but it's w/e
(30:03 / All) LilHooligan: show some sportsmanship and leave noob
(30:08 / All) Apocalypse(SoD): I'll afk for another week kiddo
(30:17 / All) rape: lol
(30:22 / All) directtv-vsdish: u already said u were going afk and lied both times lawl
(30:33 / All) Apocalypse(SoD): I haven't started drinkin yet
(30:41 / All) LilHooligan: Orange is such a sore loser
(30:45 / All) Apocalypse(SoD): Figure I'll make myself a drink play some D2
(30:45 / All) LilHooligan: scrub
(30:48 / All) rape: so bad manner orange
(30:54 / All) directtv-vsdish: apologize or we'll get u banned from channel clan s4s
(30:58 / All) Apocalypse(SoD): too bad teal is a shit bag loser
(31:02 / All) Apocalypse(SoD): LOL
(31:03 / All) Apocalypse(SoD): TRY
(31:03 / All) LilHooligan: you are
(31:06 / All) LilHooligan: you just sitting there
(31:07 / All) Apocalypse(SoD): TRY HAHA
(31:09 / All) LilHooligan: we earned this win
(31:12 / All) Apocalypse(SoD): THEY LOVE ME MORE THAN U
(31:13 / All) Apocalypse(SoD): KID
(31:21 / All) directtv-vsdish: im friends with the leader of s4s, known him since 2005
(31:26 / All) LilHooligan: are you talking about the bears at the gay club?
(31:37 / All) Apocalypse(SoD): he still wouldn't ban me over you being a faggot
(31:46 / All) LilHooligan: Orange is a s4s pussy?
(31:48 / All) directtv-vsdish: he is "loyal" orange, something you aren't
(31:58 / All) Apocalypse(SoD): bm game and you think he's gonna ban the non-troll?
(32:05 / All) rape: you
(32:08 / All) rape: are trolling US
(32:11 / All) Apocalypse(SoD): i am the non-troll
(32:13 / All) rape: why are you still here
(32:14 / All) Apocalypse(SoD): ok
(32:15 / All) rape: I worked hard for this win
(32:16 / All) Apocalypse(SoD): afk
(32:18 / All) rape: and you are being bm
(32:23 / All) directtv-vsdish: 5th time he said hes afk.
(32:24 / All) rape: why don't you give me my hard earned victory
(32:32 / All) Apocalypse(SoD): fuck your couch some more
(32:34 / All) directtv-vsdish: literally the 5th time he said hes afk
(32:36 / All) directtv-vsdish: and sitll isnt lawl
(32:44 / All) Apocalypse(SoD): i am now
(32:47 / All) Apocalypse(SoD): and i'm back
(32:51 / All) Apocalypse(SoD): see
(33:01 / All) rape: I'm sitting on my couch not molesting it you sick fuck
(33:03 / All) Apocalypse(SoD): did a 360 in my chair
(33:06 / All) Apocalypse(SoD): and i'm back from afk
(33:07 / All) LilHooligan: whoops .lawl
(33:15 / All) directtv-vsdish: kill my shit in case
(33:21 / All) directtv-vsdish: "afk oj" gets my units
(33:23 / All) directtv-vsdish: and i dc
(33:37 / Allies) Apocalypse(SoD): gonna go tell s4s
(33:40 / Allies) Apocalypse(SoD): how gay you are
(33:41 / All) LilHooligan: me birds just stopped ensnare lawl
(33:44 / All) directtv-vsdish: lawl
(33:45 / All) LilHooligan: from right click
(33:47 / All) directtv-vsdish: i vote oj loses
(33:52 / All) LilHooligan: yeah
(33:52 / All) directtv-vsdish: i have to save this chat and upload
(33:56 / All) directtv-vsdish: oj loses aye?
(34:01 / All) rape: yeh